 Dungeon Crawl Stone Soup version 0.29-a0-330-g52719c12eb (webtiles) character file.

Game seed: 11898666620212452204

0 jt the Sneak (level 1, -1/14 HPs)
             Began as a Gargoyle Delver on Apr 12, 2022.
             Slain by a scorpion (5 damage)
             ... on level 5 of the Dungeon.
             The game lasted 00:00:58 (80 turns).

jt the Sneak (Gargoyle Delver)                        Turns: 80, Time: 00:00:59

Health: -1/14      AC:  6    Str: 15    XL:     1   Next: 10%
Magic:  1/1        EV: 11    Int: 10    God:
Gold:   0          SH:  0    Dex: 11    Spells: 0/0 levels left

rFire   . . .      SeeInvis .   a - +0 hand axe
rCold   . . .      Faith    .   (no shield)
rNeg    + . .      Spirit   .   b - +1 leather armour
rPois   ∞          Reflect  .   (no helmet)
rElec   +          Harm     .   (no cloak)
rCorr   .          Rampage  .   (no gloves)
Will    .....                   (no boots)
Stlth   +++.......              (no amulet)
HPRegen 0.04/turn               (no ring)
MPRegen 0.07/turn               (no ring)

@: no status effects
A: sickness immunity, AC +2, negative energy resistance 1, electricity
resistance, torment resistance 1, petrification resistance
a: no special abilities


You were on level 5 of the Dungeon.
You visited 1 branch of the dungeon, and saw 2 of its levels.

Inventory:

Hand Weapons
 a - a +0 hand axe (weapon)
Armour
 b - a +1 leather armour (worn)
Wands
 g - a wand of digging (3)
Scrolls
 c - a scroll of fog
 d - a scroll of magic mapping


   Skills:
 - Level 3.2 Fighting
 + Level 1.8 Axes
 - Level 1.5 Dodging
 - Level 5.4 Stealth


You couldn't memorise any spells.
You didn't know any spells.
Your spell library was empty.

Dungeon Overview and Level Annotations

Branches:
Dungeon (6/15)
 Temple: D:4-7

Altars:


Innate Abilities, Weirdness & Mutations

You are immune to sickness and miasma.
Your stone body is resilient. (AC +2)
You are immune to poison.
You resist negative energy. (rN+)
You are resistant to electric shocks. (rElec)
You are resistant to unholy torment.
You are immune to petrification.


Message History

The adder bites you but does no damage.
You miss the adder.
The adder is moderately wounded.
The adder bites you but does no damage.
As you read the scroll of fear, it crumbles to dust.
You assume a fearsome visage.
The adder looks frightened!
The scorpion looks frightened!
You see here a scroll labelled PUEDGH MUYNG.
As you read the scroll labelled PUEDGH MUYNG, it crumbles to dust.
You feel strangely unstable.
It was a scroll of teleportation.
Your surroundings suddenly seem different.
A scorpion comes into view.
Found an escape hatch in the floor.
Found a scroll labelled MANEDIMAJO.
There is an escape hatch in the floor here.
Your extra speed is starting to run out.
Found a scroll labelled VAKIOH DOWA.
e - a scroll labelled MANEDIMAJO
There are no items here.
You feel yourself slow down.
You aren't carrying any potions.
Okay, then.
You see here a scroll labelled VAKIOH DOWA.
f - a scroll labelled VAKIOH DOWA
As you read the scroll labelled MANEDIMAJO, it crumbles to dust.
It is a scroll of enchant armour.
Your +0 leather armour glows green for a moment.
As you read the scroll labelled VAKIOH DOWA, it crumbles to dust.
It is a scroll of identify.
You don't have any unidentified items.
Okay, then.
You aren't carrying any potions.
Unknown command.
You hit the scorpion but do no damage. Your punch misses the scorpion.
The scorpion closely misses you.
You hit the scorpion but do no damage. The scorpion stings you.
* * * LOW HITPOINT WARNING * * *
The scorpion barely misses you.
You closely miss the scorpion. The scorpion stings you.
You die...

#..# # #... ...#
#... ...# #..# ...#
#... ...#########
...S ...........##
#... ............###
.s.########...######
>### ####.s@..# .#
####### ## # .# .##
... .... .....


You could see a scorpion.

Vanquished Creatures
  A kobold (D:6)
1 creature vanquished.

Notes
Turn   | Place    | Note
-------+----------+-------------------------------------------
     0 | D:5      | jt the Gargoyle Delver began the quest for the Orb.
     0 | D:5      | Reached XP level 1. HP: 14/14 MP: 1/1
     0 | D:5      | Noticed a centaur
     6 | D:6      | Noticed a kobold brigand
    16 | D:6      | Noticed a phantom
    17 | D:6      | Noticed an orc warrior
    18 | D:6      | Noticed an orc wizard
    19 | D:6      | Noticed an orc priest
    19 | D:6      | Noticed an ice beast
    31 | D:6      | Noticed an orc wizard
    33 | D:5      | Noticed a scorpion
    49 | D:5      | Noticed a scorpion
    80 | D:5      | Slain by a scorpion

Illustrated notes

Levels and vault maps discovered:
D:5:      kennysheep_spiral_hall, layout_layer_cave, serial_glass,
          glass_columns_a, glass_columns_b, hangedman_decor_lopped, st_stairs_12
D:6:      layout_cave_pools, minmay_temple_entry_junction_2, uniq_pikel

Action                   || total
-------------------------++-------
Melee: Hand axe          ||     9
  Use: Scroll            ||     4
       Potion            ||     1
Armor: Leather armour    ||     6
Dodge: Dodged            ||     7

Table legend: (Time is in decaauts)
 A = Elapsed time spent in this place.
 B = Non-inter-level travel time spent in this place.
 C = Inter-level travel time spent in this place.
 D = Time resting spent in this place.
 E = Time spent auto-exploring this place.
 F = Levels seen in this place.
 G = Mean time per level.
                   A        B        C        D        E       F      G
               +--------+--------+--------+--------+--------+-----+--------+
         Total |     63 |     63 |      0 |      0 |      0 |   2 |   31.5 |
       Dungeon |     63 |     63 |      0 |      0 |      0 |   2 |   31.5 |
               +--------+--------+--------+--------+--------+-----+--------+

Top non-repeatable levels by time:
     D:5: 43 daAuts
     D:6: 19 daAuts
